 Dungeon Crawl Stone Soup version 0.31-a0-187-gba352fbbf7 (webtiles) character file.

Game seed: 17143323651445614696

48 qw the Shooter (level 3, -2/20 HPs)
             Began as a Deep Elf Hunter on June 22, 2023.
             Slain by Sigmund
             ... wielding a +0 scythe
              (4 damage)
             ... on level 2 of the Dungeon.
             The game lasted 00:00:18 (700 turns).

qw the Shooter (Deep Elf Hunter)                     Turns: 700, Time: 00:00:18

Health: -2/20      AC:  6    Str: 10    XL:     3   Next: 50%
Magic:  5/5        EV:  9    Int: 13    God:
Gold:   61         SH:  0    Dex: 18    Spells: 2/2 levels left

rFire   . . .        Y - +1 shortbow
rCold   . . .        (shield currently unavailable)
rNeg    . . .        j - +0 scale mail
rPois   .            (no helmet)
rElec   .            (no cloak)
rCorr   .            (no gloves)
SInv    .            (no boots)
Will    .....        (no amulet)
Stlth   +            (no ring)
HPRegen 0.23/turn    (no ring)
MPRegen 0.09/turn

%: no passive effects
@: no status effects
A: no striking features
a: no special abilities


You were on level 2 of the Dungeon.
You visited 1 branch of the dungeon, and saw 2 of its levels.

You collected 61 gold pieces.


   Skills:
 - Level 1.5 Fighting
 + Level 7.0 Ranged Weapons
 - Level 2.4 Dodging
 - Level 1.2 Stealth


You had 2 spell levels left.
You didn't know any spells.
Your spell library was empty.

Inventory:

Hand Weapons
 Y - a +1 shortbow (weapon)
Armour
 j - a +0 scale mail (worn)
Jewellery
 l - a ring of ice
Scrolls
 a - 3 scrolls of brand weapon {unknown}
 g - a scroll of identify
Potions
 e - a potion of might {unknown}
 f - a potion of brilliance {unknown}
 h - a potion of magic {unknown}
 k - 2 potions of heal wounds {unknown}

Dungeon Overview and Level Annotations

Branches:
Dungeon (2/15)

Altars:

Annotations:
D:2 Sigmund


Message History

The adder is heavily wounded.
You shoot an arrow. The arrow closely misses the adder.
You shoot an arrow. The arrow hits the adder!
You kill the adder!
Your Ranged Weapons skill increases to level 7!
Found a stone staircase leading down.
Enter note:
Enter note:
a - 3 scrolls labelled FAITOSMERY
Enter note:
Enter note: Sigmund the Dreaded comes into view.
He is wielding a +0 scythe.
Sigmund shouts!
Sigmund mumbles some strange words.
Sigmund flickers and vanishes!
Deactivating autopickup; reactivate with Ctrl-A.
Enter note:
Enter note: You shoot an arrow.
You shoot an arrow.
A magic dart appears from out of thin air!
The magic dart hits you!
Ouch! That really hurt!
You shoot an arrow. You shoot an arrow.
A giant cockroach comes into view.
A magic dart appears from out of thin air!
The magic dart hits you.
The giant cockroach moves out of view.
You shoot an arrow.
A magic dart appears from out of thin air!
The magic dart hits you.
You shoot an arrow.
You hear some strange, mumbled words.
Something tries to affect you, but you resist.
You shoot an arrow. Something hits you.
You shoot an arrow. You shoot an arrow. Something hits you.
You die...

###..>.....>...###
###.)...##..######
.......#....#
##...#.#...########
#..###.######.....#
#.## #.# #.....# ..#
#.# #.....# ### ##.#
###.....# #
##..####.....@.#
####..###...#....>.#
..........########{#
.###.###### ... ##
#.# #.. #.# ...# #.#
..# #.# .. #.#


There were no monsters in sight!

Vanquished Creatures
  2 adders (D:2)
  2 dart slugs
  2 ball pythons (D:1)
  3 bats
  An endoplasm (D:1)
  2 giant cockroaches
  3 hobgoblins
  2 jackals (D:1)
  3 frilled lizards (D:1)
  3 goblins
  A kobold (D:2)
  A rat (D:1)
25 creatures vanquished.

Notes
Turn   | Place    | Note
-------+----------+-------------------------------------------
     0 | D:1      | qw the Deep Elf Hunter began the quest for the Orb.
     0 | D:1      | Reached XP level 1. HP: 12/12 MP: 3/3
     0 | D:1      | 0 ||| qw: Version: 0.3-a-9-g12657ce
     0 | D:1      | 0 ||| qw: Game counter: 2547
     0 | D:1      | 0 ||| qw: Always use a shield: true
     0 | D:1      | 0 ||| qw: God list: Okawaru
     0 | D:1      | 0 ||| qw: Allow faded altars: false
     0 | D:1      | 0 ||| qw: Do Orc after D:15 true
     0 | D:1      | 0 ||| qw: Do second Lair branch before Depths: true
     0 | D:1      | 0 ||| qw: Lair rune preference: random
     0 | D:1      | 0 ||| qw: Plans: Normal
     0 | D:1      | 0 ||| PLANNING D:1-11
   132 | D:1      | Reached skill level 6 in Ranged Weapons
   132 | D:1      | Reached XP level 2. HP: 16/16 MP: 4/4
   548 | D:1      | 548 ||| UPGRADING to +0 scale mail.
   558 | D:1      | 558 ||| DROPPING +0 leather armour.
   559 | D:1      | 559 ||| READING 2 scrolls labelled RERUKHL BIUCKI.
   560 | D:1      | 560 ||| READING 2 scrolls labelled TAOMOQ XENE.
   561 | D:1      | 561 ||| READING scroll labelled NETTACWIMU.
   562 | D:1      | 562 ||| READING scroll labelled CEW APPAWNEDD.
   563 | D:1      | 563 ||| DROPPING scroll of revelation.
   564 | D:1      | 564 ||| DROPPING scroll of butterflies.
   625 | D:2      | Reached XP level 3. HP: 20/20 MP: 5/5
   671 | D:2      | Reached skill level 7 in Ranged Weapons
   691 | D:2      | Noticed Sigmund
   696 | D:2      | HP: 3/20 [something/magic dart (3)]
   700 | D:2      | Slain by Sigmund

Levels and vault maps discovered:
D:1:      lemuel_arrival_river_ford, layout_basic, dk_noncrumbling_3
D:2:      layout_rooms, uniq_sigmund

Skill      XL: |  1  2  3 |
---------------+----------+-----
Ranged Weapons | 6 7 |  7.0
Fighting       | |  1.5
Dodging        | |  2.4
Stealth        | |  1.2

Action                     || total
---------------------------++-------
   Fire: Shortbow          ||    69
    Use: Scroll            ||     4
 Armour: Scale mail        ||     3
  Dodge: Dodged            ||    10

Table legend:
 A = Non-vault XP
 B = Vault XP
 C = Vault XP percentage of total XP
 D = Non-vault monster count
 E = Vault monster count
 F = Vault count percentage of total count
                 A         B        C        D         E       F
            +---------+---------+-------+---------+---------+-------
      Total |      69 |       0 |   0.0 |      25 |       0 |   0.0
            +---------+---------+-------+---------+---------+-------
        D:1 |      26 |       0 |   0.0 |      15 |       0 |   0.0
        D:2 |      43 |       0 |   0.0 |      10 |       0 |   0.0
            +---------+---------+-------+---------+---------+-------
